 Dungeon Crawl Stone Soup version 0.26.1-11-gd32895ea62 (webtiles) character file.

Game seed: 8831330700893492607

51 tizbic2 the Sneak (level 3, 0/39 HPs)
             Began as a Gnoll Wanderer on June 27, 2021.
             Succumbed to an adder's poison
             ... on level 1 of the Dungeon.
             The game lasted 00:07:10 (1185 turns).

tizbic2 the Sneak (Gnoll Wanderer)                  Turns: 1185, Time: 00:07:10

Health: 0/39       AC: 21    Str: 14    XL:     3   Next: 83%
Magic:  4/4        EV:  2    Int: 13    God:
Gold:   51         SH:  0    Dex: 16    Spells: 4/4 levels left

rFire    . . .     SeeInvis .   e - +0 dagger
rCold    . . .     Faith    .   (no shield)
rNeg     + + +     Spirit   .   (armour currently unavailable)
rPois    +         Reflect  .   (helmet currently unavailable)
rElec    .         Harm     .   (cloak currently unavailable)
rCorr    .         Rampage  .   (gloves currently unavailable)
Will     .....     NoTele   +   (boots currently unavailable)
Stlth    ++++......             (no amulet)
HPRegen  0.13/turn              (no ring)
MPRegen  0.09/turn              (no ring)

@: lethally poisoned (0 -> -3), tree-form
A: distributed training, strong nose
a: no special abilities


You were on level 1 of the Dungeon.
You were a tree.
You visited 1 branch of the dungeon, and saw 2 of its levels.

You collected 51 gold pieces.

Inventory:

Hand Weapons
 a - a +0 spear
 e - a +0 dagger (weapon)
Missiles
 h - 5 poisoned darts
 l - 4 stones (quivered)
Armour
 f - a +0 pair of boots (melded)
 m - a +0 ring mail (melded)
Scrolls
 i - a scroll of fear {unknown}
 j - a scroll of immolation {unknown}
Potions
 d - a potion of lignification


   Skills:
 + Level 1.0 Fighting
 + Level 1.0 Short Blades
 + Level 1.0 Long Blades
 + Level 1.0 Axes
 + Level 1.0 Maces & Flails
 + Level 1.0 Polearms
 + Level 1.0 Staves
 + Level 1.0 Slings
 + Level 1.0 Bows
 + Level 1.0 Crossbows
 + Level 1.0 Throwing
 + Level 6.5 Armour
 + Level 2.6 Dodging
 + Level 7.8 Stealth
 + Level 2.6 Shields
 + Level 2.6 Unarmed Combat
 + Level 1.0 Spellcasting
 + Level 0.7 Conjurations
 + Level 0.7 Hexes
 + Level 0.7 Summonings
 + Level 0.7 Necromancy
 + Level 0.7 Translocations
 + Level 0.7 Transmutations
 + Level 0.7 Fire Magic
 + Level 0.7 Ice Magic
 + Level 0.7 Air Magic
 + Level 0.7 Earth Magic
 + Level 0.7 Poison Magic
 + Level 1.0 Invocations
 + Level 1.0 Evocations


You had 4 spell levels left.
You didn't know any spells.
Your spell library was empty.

Dungeon Overview and Level Annotations

Branches:
Dungeon (2/15)

Altars:


Innate Abilities, Weirdness & Mutations

Your experience applies equally to all skills.
((You have very sharp teeth.))
Your uncanny sense of smell can sniff out nearby items.


Message History

Your +0 ring mail melds into your body.
Your roots penetrate the ground.
* * * LOW HITPOINT WARNING * * *
You feel sick. The adder bites you but does no damage.
You barely miss the adder.
The adder is lightly wounded.
The adder bites you but does no damage.
You hit the adder.
The adder is lightly wounded.
* * * LOW HITPOINT WARNING * * *
You feel sick. The adder bites you but does no damage. The adder bites you.
* * * LOW HITPOINT WARNING * * *
You miss the adder.
The adder is lightly wounded.
The adder bites you but does no damage.
You hit the adder.
The adder is moderately wounded.
The adder bites you but does no damage.
You hit the adder.
The adder is moderately wounded.
You die...

####..# #............#.#
≈##≈≈ #.....##.#####)# ≈≈≈#
#.....##.#####.# ≈###
#...#..........# ##
#...#..........# ###
#...#..........# ....
#########..........# ....#
#......÷....†......#
....####........♣S..>.....###
............................#
..........)..............##.#
........)#######.........##.#
......)..###.............##.#
.........#...............##.#
........)#..............###.#
..†.....................# #.#
......).................# #.#


You could see an adder.

Vanquished Creatures
  An ooze (D:1)
  A dart slug (D:1)
  6 bats (D:1)
  2 giant cockroaches
  6 goblins (D:1)
  6 hobgoblins (D:1)
  6 jackals (D:1)
  A ball python (D:1)
  2 frilled lizards
  3 kobolds (D:1)
  8 rats
42 creatures vanquished.

Vanquished Creatures (others)
  A fungus (D:1)
1 creature vanquished.

Grand Total: 43 creatures vanquished

Notes
Turn   | Place    | Note
-------+----------+-------------------------------------------
     0 | D:1      | tizbic2 the Gnoll Wanderer began the quest for the Orb.
     0 | D:1      | tizbic2 set off with the following items: a +0 spear, 2
                  | throwing nets, a +0 leather armour, a potion of
                  | lignification, a +0 dagger
     0 | D:1      | Reached XP level 1. HP: 13/13 MP: 1/1
   389 | D:1      | Reached XP level 2. HP: 19/19 MP: 2/2
   645 | D:1      | Reached XP level 3. HP: 25/25 MP: 3/3
   785 | D:1      | Reached skill level 1 in Invocations
  1057 | D:2      | Reached skill level 1 in Fighting
  1057 | D:2      | Reached skill level 1 in Short Blades
  1057 | D:2      | Reached skill level 1 in Long Blades
  1057 | D:2      | Reached skill level 1 in Axes
  1057 | D:2      | Reached skill level 1 in Maces & Flails
  1057 | D:2      | Reached skill level 1 in Polearms
  1057 | D:2      | Reached skill level 1 in Staves
  1057 | D:2      | Reached skill level 1 in Slings
  1057 | D:2      | Reached skill level 1 in Bows
  1057 | D:2      | Reached skill level 1 in Crossbows
  1057 | D:2      | Reached skill level 1 in Throwing
  1057 | D:2      | Reached skill level 1 in Spellcasting
  1057 | D:2      | Reached skill level 1 in Evocations
  1182 | D:1      | HP: 1/39 [adder (1)]
  1185 | D:1      | Succumbed to an adder's poison

Illustrated notes

Levels and vault maps discovered:
D:1:      dpeg_cavernosity, layout_basic
D:2:      layout_loops_cross

Skill      XL: |  1  2  3 |
---------------+----------+-----
Invocations    | 1 |  1.0
Fighting       | 1 |  1.0
Short Blades   | 1 |  1.0
Long Blades    | 1 |  1.0
Axes           | 1 |  1.0
Maces & Flails | 1 |  1.0
Polearms       | 1 |  1.0
Staves         | 1 |  1.0
Slings         | 1 |  1.0
Bows           | 1 |  1.0
Crossbows      | 1 |  1.0
Throwing       | 1 |  1.0
Spellcasting   | 1 |  1.0
Evocations     | 1 |  1.0
Armour         | |  6.5
Dodging        | |  2.6
Stealth        | |  7.8
Shields        | |  2.6
Unarmed Combat | |  2.6
Conjurations   | |  0.7
Hexes          | |  0.7
Summonings     | |  0.7
Necromancy     | |  0.7
Translocations | |  0.7
Transmutations | |  0.7
Fire Magic     | |  0.7
Ice Magic      | |  0.7
Air Magic      | |  0.7
Earth Magic    | |  0.7
Poison Magic   | |  0.7

Action                   || total
-------------------------++-------
Melee: Spear             ||    84
       Dagger            ||   134
       Bite              ||    27
       Punch             ||     1
Throw: Throwing net      ||     3
  Use: Potion            ||     4
       Scroll            ||     3
 Stab: Sleeping          ||     6
       Distracted        ||     1
Armor: Leather armour    ||    42
       Ring mail         ||    31
       Skin              ||     5
Dodge: Dodged            ||   135
